 Dungeon Crawl Stone Soup version 0.29.1-12-g30fa7ad0bf (webtiles) character file.

Game seed: 9673121668831111194

203 cheesebisquit the Digger (level 5, -6/28 HPs)
             Began as a Gargoyle Earth Elementalist on Jan 13, 2023.
             Killed from afar by an orc wizard (8 damage)
             ... with a puff of flame
             ... on level 4 of the Dungeon.
             The game lasted 00:17:22 (3295 turns).

cheesebisquit the Digger (GrEE)                     Turns: 3295, Time: 00:17:23

Health: -6/28      AC:  8    Str: 11    XL:     5   Next: 81%
Magic:  7/10       EV: 11    Int: 18    God:
Gold:   184        SH:  0    Dex: 10    Spells: 7/11 levels left

rFire   . . .      SeeInvis .   p - +0 flail (drain)
rCold   . . .      Faith    .   (no shield)
rNeg    + + .      Spirit   .   a - +0 leather armour
rPois   ∞          Reflect  .   (no helmet)
rElec   +          Harm     .   i - +0 cloak
rCorr   .          Rampage  .   (no gloves)
Will    .....                   (no boots)
Stlth   ++........              (no amulet)
HPRegen 0.09/turn               s - ring of positive energy
MPRegen 0.12/turn               (no ring)

@: no status effects
A: sickness immunity, AC +4, negative energy resistance 1, electricity
resistance, torment resistance 1, petrification resistance
a: no special abilities


You were on level 4 of the Dungeon.
You visited 1 branch of the dungeon, and saw 4 of its levels.

You collected 184 gold pieces.

Inventory:

Hand Weapons
 n - a +1 mace of protection
 p - a +0 flail of draining (weapon)
Missiles
 j - 25 stones
 l - 6 poisoned darts
Armour
 a - a +0 leather armour (worn)
 i - a +0 cloak (worn)
Jewellery
 s - a ring of positive energy (left hand)
Scrolls
 d - 2 scrolls of blinking {unknown}
 e - a scroll of enchant armour {unknown}
 g - a scroll of fear {unknown}
 m - 3 scrolls of immolation {unknown}
 u - a scroll of butterflies {unknown}
Potions
 b - 2 potions of magic
 c - a potion of might {unknown}
 f - a potion of mutation {unknown}
 h - a potion of flight {unknown}
 k - 2 potions of curing {unknown}
 q - a potion of degeneration {unknown}
 r - a potion of resistance {unknown}
 t - 2 potions of invisibility {unknown}
 v - a potion of haste {unknown}


   Skills:
 - Level 1.5 Dodging
 - Level 2.1 Stealth
 + Level 3.6 Spellcasting
 + Level 2.7 Conjurations
 - Level 0.7 Transmutations
 + Level 5.4 Earth Magic


You had 7 spell levels left.
You knew the following spells:

 Your Spells              Type           Power      Damage    Failure   Level
a - Sandblast             Erth           44%        2d11      2%          1
b - Stone Arrow           Conj/Erth      34%        3d9       12%         3

Your spell library contained the following spells:

 Spells                   Type           Power      Damage    Failure   Level
 Magic Dart               Conj           52%        1d5       7%          1
 Passwall                 Tmut/Erth      11%        N/A       9%          2
 Call Imp                 Summ           3%         N/A       30%         2
 Mephitic Cloud           Conj/Pois/Air  6%         N/A       38%         3
 Petrify                  Tmut/Erth      14%        N/A       50%         4


Dungeon Overview and Level Annotations

Branches:
Dungeon (4/15)
 Temple: D:4-7

Altars:


Innate Abilities, Weirdness & Mutations

You are immune to sickness and miasma.
Your stone body is resilient. (AC +4)
You are immune to poison.
You resist negative energy. (rN+)
You are resistant to electric shocks. (rElec)
You are resistant to unholy torment.
You are immune to petrification.


Message History

A scorpion comes into view.
The endoplasm freezes you.
You are frozen.
* * * LOW HITPOINT WARNING * * *
The orc wizard misses you.
Okay, then.
You are too injured to fight recklessly!
Aiming: Sandblast (safe; 2% risk of failure)
Press: ? - help, Q - select action, (/) - cycle Shift-Dir - straight line, f - orc wizard
Aim: an orc wizard, wielding a +0 dagger and wearing a +0 robe (79% to hit)
The blast of sand hits the orc wizard.
The orc wizard is heavily wounded.
The endoplasm freezes you.
You are frozen.
* * * LOW HITPOINT WARNING * * *
The orc wizard closely misses you. The orc wizard barely misses you.
The endoplasm freezes you.
You are frozen.
* * * LOW HITPOINT WARNING * * *
Aiming: Sandblast (safe; 2% risk of failure)
Press: ? - help, Q - select action, (/) - cycle Shift-Dir - straight line, f/p - orc wizard
Aim: an orc wizard, wielding a +0 dagger and wearing a +0 robe (heavily wounded, 79% to hit)
The blast of sand hits the orc wizard!
The orc wizard is almost dead.
The endoplasm hits you.
* * * LOW HITPOINT WARNING * * *
The orc wizard hits you with a +0 dagger.
* * * LOW HITPOINT WARNING * * *
Aiming: Sandblast (safe; 2% risk of failure)
Press: ? - help, Q - select action, (/) - cycle Shift-Dir - straight line, f/p - orc wizard
Aim: an orc wizard, wielding a +0 dagger and wearing a +0 robe (almost dead, 79% to hit)
The blast of sand misses the orc wizard.
The endoplasm barely misses you.
The orc wizard casts a spell.
The orc wizard flickers and vanishes!
Deactivating autopickup; reactivate with Ctrl-A.
You hear some strange, mumbled words.
A puff of flame appears from out of thin air!
The puff of flame hits you!
You die...

## .. # ##. #..
#. .. ... #?. #.
... .. #.### ..#
#.#).@##..#
#...{J#...# #
##.....s...## #
#.......)...# .
###
#..............
... #.#
...!.!.......##.
oo..#..
.#..........##
.......
##.........!.
.......
#...##.......
.......


You could see a scorpion and an endoplasm.

Vanquished Creatures
  A phantom (D:3)
  An iguana (D:3)
  3 adders
  A worm (D:2)
  3 dart slugs
  7 orcs
  4 ball pythons
  4 bats
  2 endoplasms
  4 giant cockroaches
  5 hobgoblins
  6 quokkas
  A frilled lizard (D:1)
  4 goblins
  4 kobolds
  11 rats
61 creatures vanquished.

Notes
Turn   | Place    | Note
-------+----------+-------------------------------------------
     0 | D:1      | cheesebisquit the Gargoyle Earth Elementalist began the
                  | quest for the Orb.
     0 | D:1      | Reached XP level 1. HP: 10/10 MP: 3/3
   277 | D:1      | Reached XP level 2. HP: 15/15 MP: 3/5
   322 | D:1      | Reached skill level 4 in Earth Magic
   638 | D:1      | You fall into a shaft and drop 1 floor!
   812 | D:2      | Reached XP level 3. HP: 18/19 MP: 0/6
   816 | D:2      | Learned a level 3 spell: Stone Arrow
  1272 | D:1      | Found a faded altar of an unknown god.
  1570 | D:2      | Reached skill level 1 in Conjurations
  1951 | D:3      | Reached XP level 4. HP: 21/24 MP: 1/8
  2509 | D:3      | Reached skill level 5 in Earth Magic
  3018 | D:3      | Reached XP level 5. HP: 24/28 MP: 5/9
  3177 | D:4      | Noticed a phantom
  3191 | D:3      | Killed a phantom
  3295 | D:4      | Killed from afar by an orc wizard

Illustrated notes

Levels and vault maps discovered:
D:1:      dpeg_arrival_ratfight, layout_rooms, shapermc_ecumenical_altar_pompeii
D:2:      layout_basic
D:3:      layout_loops_corners, nrook_uturn, dreamdust_wishing_well,
          patterned_corridor
D:4:      layout_cave_pools, zin_scriptorium, gammafunk_ghost_nasty_kobolds,
          hangedman_feature_mirror, chequers_serial_rivers_micro_d,
          chequers_serial_rivers_micro_c

Skill      XL: |  1  2  3  4 |
---------------+-------------+-----
Earth Magic    | 4 5 |  5.4
Conjurations   | 1 2 |  2.7
Spellcasting   | 3 |  3.6
Dodging        | |  1.5
Stealth        | |  2.1
Transmutations | |  0.7

Action                   |  1- 3 |  4- 6 || total
-------------------------+-------+-------++-------
Melee: Spear             |     9 |       ||     9
       Rapier            |       |     8 ||     8
       Flail             |       |     1 ||     1
 Cast: Sandblast         |    61 |    34 ||    95
  Use: Potion            |     1 |       ||     1
Armor: Robe              |    14 |       ||    14
       Leather armour    |       |     8 ||     8
Dodge: Dodged            |    27 |    15 ||    42
